 Dungeon Crawl Stone Soup version 0.30.1 (webtiles) character file.

Game seed: 10439793080216837687

390683 alexxx the Convoker (level 21, -22/102 HPs)
             Began as a Felid Summoner on June 20, 2023.
             Was a Follower of Jiyva.
             Annihilated by an ancient champion
             ... wielding a +0 heavy great mace
              (27 damage)
             ... in the Vestibule of Hell on July 1, 2023.
             The game lasted 10:21:43 (81761 turns).

alexxx the Convoker (Felid Summoner)               Turns: 81761, Time: 10:21:44

Health: -22/102    AC: 19    Str:  4    XL:     21   Next: 75%
Magic:  5/52       EV: 41    Int: 33    God:    Jiyva [*.....]
Gold:   6680       SH:  0    Dex: 17    Spells: 5/54 levels left
                                        Lives:  0   Deaths: 5

rFire   x .          .
                       - Unarmed
rCold   + . .        (shield unavailable)
rNeg    + . .        (body armour unavailable)
rPois   ∞            (helmet unavailable)
rElec   +            (cloak unavailable)
rCorr   .            (gloves unavailable)
SInv    +            (boots unavailable)
Will    ++...        D - amulet of Vitality {RegenMP++ Regen++}
Stlth   ++           Y - ring of wizardry
HPRegen 2.77/turn    X - ring "Peitimo" {Ice rN+ Will- MP+9 Int+8}
MPRegen 1.38/turn

%: wizardry (x1)
@: storm-form, wereblooded, on dragon call cooldown, flying, studying
Evocations, invisible, unable to read
A: cleaving, insubstantial, flying, very small, (claws 1), (fangs 3), see
invisible, (speed 1), (shaggy fur 3), (stealthy paws), no weapons or thrown
items, no armour, multi-lived, clumsy 1, no potion heal 1, inability to read
after injury 1
}: 3/15 runes: barnacled, silver, gossamer
a: Blinkbolt, End Transformation, Renounce Religion


You were in the Vestibule of Hell.
You worshipped Jiyva.
Jiyva was aware of your devotion.
You were a lightning-filled tempest!
You visited 13 branches of the dungeon, and saw 50 of its levels.
You visited the Abyss 1 time.
You also visited: Bailey.

You collected 21895 gold pieces.
You spent 5084 gold pieces at shops.
You paid 10131 gold pieces to Gozag.

Inventory:

Jewellery
 d - a +5 ring of evasion
 f - a ring of poison resistance
 h - a +4 ring of protection
 k - the ring of Methrof {Fly rElec rF- rCorr MP+9}
   (You took it off a deep elf sorcerer on level 3 of the Elven Halls)

   [ring of flight]

   rF:        It makes you vulnerable to fire.
   rElec:     It insulates you from electricity.
   MP:        It affects your magic capacity (+9).
   Fly:       It grants you flight.
   rCorr:     It protects you from acid and corrosion.
 m - a +6 ring of strength
 t - a +5 ring of evasion
 u - the ring of the Rotten Breadfruit {rElec rPois rN+ Will- Dex+3}
   (You found it on level 3 of the Crypt)

   [ring of positive energy]

   Dex:       It affects your dexterity (+3).
   rElec:     It insulates you from electricity.
   rPois:     It protects you from poison.
   rN:        It protects you from negative energy.
   Will:      It decreases your willpower.
 v - the ring "Ceox" {rN+ Will+}
   (You found it on level 3 of the Crypt)

   [ring of positive energy]

   rN:        It protects you from negative energy.
   Will:      It increases your willpower.
 w - a ring of protection from fire
 D - the amulet of Vitality (around neck) {RegenMP++ Regen++}
   (You found it on level 7 of the Dungeon)

   [amulet of magic regeneration]

   It increases your rate of magic regeneration.
   Regen:     It increases your rate of health regeneration.
 E - a +5 ring of evasion
 F - a +6 ring of dexterity
 G - a +4 ring of protection
 K - the ring "Keteov Bazo" {rN+ Dex+5}
   (You found it on level 3 of the Crypt)

   [ring of positive energy]

   Dex:       It affects your dexterity (+5).
   rN:        It protects you from negative energy.
 L - a ring of resist corrosion
 O - a +6 ring of intelligence
 T - the ring "Kuanucru" {Will+ Str+6 Int+3}
   (You found it on level 13 of the Dungeon)

   [ring of strength]

   Str:       It affects your strength (+6).
   Int:       It affects your intelligence (+3).
   Will:      It increases your willpower.
 W - a +4 ring of protection
 X - the ring "Peitimo" (right paw) {Ice rN+ Will- MP+9 Int+8}
   (You found it on level 2 of the Vaults)

   [ring of ice]

   It enhances your ice magic.
   Int:       It affects your intelligence (+8).
   rF:        It makes you vulnerable to fire.
   rC:        It protects you from cold.
   rN:        It protects you from negative energy.
   MP:        It affects your magic capacity (+9).
   Will:      It decreases your willpower.
 Y - a ring of wizardry (left paw)
 Z - an amulet of the acrobat
Wands
 q - a wand of polymorph (22)
 H - a wand of flame (98)
 I - a wand of charming (24)
 J - a wand of roots (22)
 N - a wand of digging (8)
 P - a wand of mindburst (13)
 S - a wand of quicksilver (23)
Scrolls
 c - 8 scrolls of poison
 e - a scroll of silence
 g - 7 scrolls of immolation
 j - 9 scrolls of magic mapping
 y - 8 scrolls of fog
 A - 9 scrolls of blinking
 M - 11 scrolls of teleportation
 U - 7 scrolls of amnesia
Potions
 b - 14 potions of ambrosia
 i - 2 potions of curing
 l - a potion of heal wounds
 p - 8 potions of might
 x - 6 potions of haste
 z - 4 potions of resistance
 B - 4 potions of cancellation
 R - 4 potions of invisibility
 V - 7 potions of flight
Miscellaneous
 n - a box of beasts
 C - a tin of tremorstones (2/2)


   Skills:
 * Level 15.8 Fighting
 + Level 20.5 Dodging
 - Level 2.6 Stealth
 * Level 19.5 Unarmed Combat
 - Level 17.0 Spellcasting
 - Level 8.0 Hexes
 + Level 20.6 Summonings
 - Level 11.8 Translocations
 - Level 16.0 Transmutations
 - Level 16.0 Air Magic
 - Level 0.4 Evocations


You had 5 spell levels left.
You knew the following spells:

 Your Spells              Type           Power      Damage    Failure   Level
a - Summon Mana Viper     Hex/Summ       89%        N/A       1%          5
b - Dragon's Call         Summ           52%        N/A       12%         9
c - Summon Horrible Thin  Summ           52%        N/A       1%          8
d - Summon Lightning Spi  Summ/Air       99%        N/A       0%          4
e - Malign Gateway        Summ/Tloc      47%        N/A       1%          7
f - Storm Form            Tmut/Air       46%        N/A       1%          7
g - Manifold Assault      Tloc           82%        N/A       1%          4
h - Wereblood             Tmut           93%        N/A       0%          2
i - Tukima's Dance        Hex            69%        N/A       1%          3

Your spell library contained the following spells:

 Spells                   Type           Power      Damage    Failure   Level
 Apportation              Tloc           100%       N/A       0%          1
 Beastly Appendage        Tmut           100%       N/A       0%          1
 Summon Small Mammal      Summ           100%       N/A       0%          1
 Blink                    Tloc           100%       N/A       0%          2
 Call Imp                 Summ           100%       N/A       0%          2
 Lesser Beckoning         Tloc           100%       N/A       0%          2
 Call Canine Familiar     Summ           100%       N/A       0%          3
 Summon Guardian Golem    Hex/Summ       89%        N/A       0%          3
 Vhi's Electric Charge    Tloc/Air       100%       N/A       0%          3
 Airstrike                Air            46%        2d(7-23)  0%          4
 Kiss of Death            Conj/Necr      100%       2d13      1%          1
 Magic Dart               Conj           100%       1d8       1%          1
 Necrotise                Necr           100%       1d9       1%          1
 Cigotuvi's Dreadful Rot  Necr/Pois/Air  100%       N/A       1%          2
 Momentum Strike          Conj/Tloc      100%       3d10      1%          2
 Poisonous Vapours        Pois/Air       100%       N/A       1%          2
 Static Discharge         Conj/Air       100%       2-7/arc   1%          2
 Confusing Touch          Hex            69%        N/A       1%          3
 Dazzling Flash           Conj/Hex       100%       N/A       1%          3
 Gell's Gravitas          Tloc           82%        N/A       1%          3
 Hailstorm                Conj/Ice       42%        3d10      1%          3
 Ignite Poison            Fire/Tmut/Pois 58%        N/A       1%          3
 Mephitic Cloud           Conj/Pois/Air  58%        N/A       1%          3
 Ozocubu's Armour         Ice            42%        N/A       1%          3
 Spider Form              Tmut/Pois      69%        N/A       1%          3
 Stone Arrow              Conj/Erth      56%        3d10      1%          3
 Teleport Other           Tloc           82%        N/A       1%          3
 Anguish                  Hex/Necr       26%        N/A       1%          4
 Cause Fear               Hex            34%        N/A       1%          4
 Ice Form                 Ice/Tmut       88%        N/A       1%          4
 Leda's Liquefaction      Hex/Erth       26%        N/A       1%          4
 Petrify                  Tmut/Erth      69%        N/A       1%          4
 Summon Ice Beast         Ice/Summ       97%        N/A       1%          4
 Arcjolt                  Conj/Air       34%        1d44      1%          5
 Blade Hands              Tmut           46%        N/A       1%          5
 Freezing Cloud           Conj/Ice/Air   38%        6-21      1%          5
 Silence                  Hex/Air        41%        N/A       1%          5
 Summon Forest            Summ/Tloc      47%        N/A       1%          5
 Metabolic Englaciation   Hex/Ice        34%        N/A       3%          5
 Dispel Undead            Necr           28%        3d13      6%          4
 Agony                    Necr           28%        N/A       16%         5
 Borgnjor's Vile Clutch   Necr/Erth      14%        N/A       16%         5
 Fireball                 Conj/Fire      14%        3d8       16%         5
 Iskenderun's Battlesphe  Conj           28%        2d8       16%         5
 Dispersal                Tloc           41%        N/A       1%          6
 Summon Cactus Giant      Summ           52%        N/A       1%          6
 Dragon Form              Tmut           46%        N/A       1%          7
 Conjure Ball Lightning   Conj/Air       34%        3x3d11    3%          6
 Plasma Beam              Fire/Air       34%        2x1d52    3%          6
 Statue Form              Tmut/Erth      46%        N/A       3%          6
 Haunt                    Necr/Summ      38%        N/A       7%          7
 Spellforged Servitor     Conj/Summ      38%        N/A       7%          7
 Enfeeble                 Hex            34%        N/A       17%         7
 Disjunction              Tloc           41%        N/A       28%         8
 Iron Shot                Conj/Erth      14%        9d4       61%         6
 Simulacrum               Ice/Necr       21%        N/A       61%         6
 Necromutation            Tmut/Necr      34%        N/A       77%         8
 Orb of Destruction       Conj           14%        9d7       98%         7
 Ozocubu's Refrigeration  Ice            21%        4d12      98%         7
 Borgnjor's Revivificati  Necr           14%        N/A       100%        8
 Lehudib's Crystal Spear  Conj/Erth      14%        10d5      100%        8
 Death's Door             Necr           14%        N/A       100%        9
 Polar Vortex             Ice            21%        N/A       100%        9
 Portal Projectile        Hex/Tloc       Unusable   N/A       N/A         3
 Animate Armour           Summ/Erth      Unusable   N/A       N/A         4

Dungeon Overview and Level Annotations

Branches:
Dungeon (15/15)            Temple (1/1) D:7            Lair (5/5) D:8
 Shoals (4/4) Lair:2       Spider (4/4) Lair:3        Slime (5/5) Lair:5
    Orc (2/2) D:9             Elf (3/3) Orc:2        Vaults (5/5) D:14
  Crypt (3/3) Vaults:2       Tomb (1/3) Crypt:3      Depths (1/4) D:15
   Hell (1/1)              Bailey (visited)
    Dis: Hell:1         Geh: Hell:1         Coc: Hell:1         Tar: Hell:1

Altars:
Ashenzari
Cheibriados
Dithmenos
Elyvilon
Fedhas
Gozag
Hepliaklqana
Kikubaaqudgha
Makhleb
Nemelex Xobeh
Okawaru
Qazlal
Ru
Sif Muna
Trog
Uskayaw
Vehumet
Wu Jian
Xom
Yredelemnul
Zin
The Shining One
Jiyva
Lugonu

Shops:
D:5 :   D:8 :   D:9 (:   D:14 =   D:15 =   Orc:1 !*!   Orc:2 =(*[   Elf:1 (
Elf:3 =   Lair:1 *   Lair:2 **   Lair:5 *   Shoals:3 :   Vaults:3 [
Vaults:4 ([[(?:   Vaults:5 [?

Portals:
Hell: Depths:1
Abyss: Depths:1
Pandemonium: Depths:1

Annotations:
D:15 2 transporters, Ewe Xiki's ghost, adept HuBe
Shoals:2 3 runed translucent doors, Heezod's ghost, journeyman MiBe
Spider:1 2 transporters, exclusion: orange crystal statue
Slime:5 Royal Jelly


Innate Abilities, Weirdness & Mutations

You are a lightning-filled tempest!
Your electrical attacks strike out in all directions at once.
You are incredibly evasive.
Your insubstantial body is immune to petrification, constriction, and being set on fire You are flying.
You are immune to poison.
((You have sharp claws.))
((You have razor-sharp teeth.))
You have supernaturally acute eyesight. (SInv)
((You cover ground quickly. (Speed+)))
((Your thick and shaggy fur keeps you warm. (AC +3, rC+)))
((Your paws help you pounce on unaware monsters.))
You are incapable of wielding weapons or throwing items.
You cannot wear armour.
You gain extra lives every three experience levels.
You are clumsy. (Dex -2)
Potions are less effective at restoring your health.
You occasionally lose the ability to read scrolls when taking damage.


Message History

Unknown command.
Gozag petitions for your drink to fail.
The roar of the dragon horde subsides.
Your storm dragon bites the sun demon but does no damage.
Your storm dragon claws the sun demon.
Your storm dragon completely misses the sun demon.
The ancient champion misses you. The iron golem misses you.
The iron golem completely misses you. The sun demon completely misses you.
Your iron dragon bites the fire vortex!
Your iron dragon claws the fire vortex.
The fire vortex dissipates!
The sun demon hits your storm dragon!
Your storm dragon is engulfed in flames!
The reaper hits you from afar with a +0 vampiric scythe!
* * * LOW HITPOINT WARNING * * *
The iron golem misses you. The iron golem completely misses you.
Your storm dragon barely misses the sun demon.
Your storm dragon claws the sun demon.
Your storm dragon tramples the sun demon.
The sun demon is shoved backwards!
Unknown command.
Unknown command.
Unknown command.
Unknown command.
Unknown command.
Gozag petitions for your drink to fail.
The ancient champion points at you and mumbles some strange words.
The iron shot misses you. The reaper barely misses you.
The sun demon misses you. The sun demon hits your storm dragon!!
Your storm dragon is engulfed in flames!
The soul eater hits you but does no damage.
The soul eater completely misses you.
Your golden dragon barely misses the iron golem.
Your golden dragon claws the iron golem.
Your golden dragon tramples the iron golem but does no damage.
An iron troll comes into view.
Your storm dragon bites the sun demon!
The sun demon dies!
The reaper misses you.
The ancient champion hits you with a +0 heavy great mace!!
You die...

...3. #.T.. ##....#
##..∩..##
##.....9.##
##....)....##
##...........##
##...).†)......## .
#.........2.v3..##..
.......∩.9933z......
.∩.†.....D.2...∩....
.......)..D.........
#...°.....D.D...##..
##..^...○.)....## .
##...........##
##.........##
##.......##


You could see 3 iron golems, an iron troll (wandering, unable to see you), a
lorocyproca (berserk, invisible, incited, ally target), a reaper (berserk,
incited), an ancient champion (fast, unable to see you), 2 soul eaters, a sun
demon (unable to see you), a friendly iron dragon (summoned), a friendly golden
dragon (summoned, catching breath, misshapen), a friendly storm dragon
(summoned) and a friendly quicksilver dragon (summoned).

Vanquished Creatures
  2 dread liches
  A curse toe (Crypt:3)
  A golden dragon (Vaults:5)
  Nikola (Vaults:2)
  2 profane servitors
  A tentacled monstrosity (Vaults:5)
  2 liches
  3 titans
  Asterion (Vaults:2)
  3 deep elf master archers (Elf:3)
  5 ancient champions
  2 deep elf blademasters
  9 acid blobs
  7 sphinxes
  4 tengu reavers
  A shadow dragon (Vaults:5)
  2 revenants (Crypt:3)
  A rockslime (Slime:3)
  4 azure jellies
  5 deep elf sorcerers
  2 frost giants
  4 emperor scorpions
  12 vault wardens
  2 curse skulls
  3 ghouls
  2 deep elf elementalists (Elf:3)
  3 ghost moths (Spider:4)
  3 broodmothers (Spider:4)
  An orc warlord (Vaults:4)
  3 very ugly things
  A war gargoyle (Vaults:3)
  A quicksilver ooze (Slime:3)
  12 ironbound thunderhulks
  A juggernaut skeleton (Crypt:2)
  10 ironbound preservers
  2 deep elf demonologists
  4 dire elephants (Vaults:3)
  A spark wasp (Spider:4)
  7 eidola
  2 deep elf annihilators
  Snorg (Orc:1)
  13 jiangshi
  2 crystal guardians (Vaults:2)
  5 deep elf death magi
  2 fire dragons (Depths:1)
  A deep elf high priest (Elf:3)
  3 mummy priests (Tomb:1)
  5 ettins
  5 merfolk impalers (Shoals:4)
  Josephine (Orc:1)
  2 merfolk javelineers (Shoals:4)
  A quicksilver dragon zombie (Crypt:1)
  5 great orbs of eyes
  10 vault guards
  9 yaktaur captains
  A peacekeeper (Vaults:2)
  2 merfolk avatars (Shoals:1)
  3 centaur warriors (Vaults:1)
  2 boulder beetles (Vaults:2)
  7 ironbound frosthearts
  2 satyrs (Shoals:4)
  12 dancing weapons
  4 merfolk aquamancers
  A hell hog (Abyss:2)
  An Orb Guardian skeleton (Crypt:2)
  3 vampire magi
  7 death scarabs (Tomb:1)
  A death yak (Shoals:3)
  3 thrashing horrors (Abyss:2)
  A bennu skeleton (Crypt:3)
  3 soul eaters
  2 storm dragon zombies (Crypt:3)
  3 hell knights (Depths:1)
  10 deep elf knights
  2 pharaoh ants
  3 sun demons
  5 shadow wraiths (Crypt:3)
  A skyshark (Shoals:1)
  6 skeletal warriors
  A sun moth (Spider:4)
  6 orb spiders
  2 glowing orange brains
  7 deep elf archers
  2 obsidian statues (Depths:1)
  6 phantasmal warriors
  A deep troll (Vaults:1)
  An orange crystal statue (Depths:1)
  4 flayed ghosts
  12 ironbound convokers
  18 deep elf pyromancers
  4 wizards
  15 harpies
  11 lindwurms
  3 steelbarb worms
  5 orc knights
  21 deep elf zephyrmancers
  A necromancer (Vaults:1)
  A stone giant zombie (Vaults:4)
  5 fauns
  8 wolf spiders
  A wolf spider (shapeshifter) (Elf:2)
  3 manticores
  6 ugly things
  A cyclops (Shoals:4)
  4 shining eyes
  2 orc sorcerers
  A moth of wrath (Spider:1)
  A merfolk siren (Shoals:1)
  An elf zombie (Vaults:2)
  A demonic crawler (Spider:4)
  2 rust devils (Depths:1)
  A stone giant skeleton (Crypt:3)
  A centaur zombie (Crypt:3)
  2 smoke demons (Abyss:2)
  An apocalypse crab (Abyss:3)
  6 water nymphs
  17 vault sentinels
  3 orange demons
  A torpor snail (Spider:3)
  A large abomination (Abyss:3)
  An unseen horror (shapeshifter) (Abyss:3)
  A human zombie (Vaults:2)
  An alligator snapping turtle zombie (Tomb:1)
  39 yaktaurs
  An ice devil (Depths:1)
  5 freezing wraiths
  A guardian mummy (Tomb:1)
  A tormentor (Abyss:2)
  2 red devils (Depths:1)
  A catoblepas skeleton (Crypt:1)
  A harpy zombie (Crypt:3)
  6 wind drakes (Shoals:4)
  2 ancient zymes (Abyss:2)
  6 merfolk
  2 hellwings (Depths:1)
  A tengu simulacrum (Vaults:4)
  6 tarantellas
  A hydra skeleton (Crypt:3)
  2 raiju (Abyss:2)
  4 nameless horrors
  2 harpy skeletons
  A snapping turtle (Shoals:3)
  A dream sheep (Shoals:1)
  An ettin zombie (Abyss:2)
  A great orb of eyes zombie (Crypt:3)
  10 jumping spiders
  13 air elementals
  7 culicivoras
  14 flying skulls
  52 slime creatures
  5 ynoxinuls
  18 water elementals
  8 wraiths
  A vampire (Crypt:3)
  5 ushabtiu (Tomb:1)
  4 hogs (Elf:1)
  2 golden eyes (Abyss:3)
  22 redbacks
  A neqoxec (Abyss:3)
  A chaos spawn (Abyss:2)
  A swamp worm (shapeshifter) (Elf:2)
  5 small abominations
  A skyshark zombie (Crypt:1)
  2 human skeletons (Vaults:3)
  A naga skeleton (Crypt:3)
  2 orc warriors (Vaults:3)
  An ettin simulacrum (Vaults:4)
  A wolf (shapeshifter) (Vaults:3)
  A swamp dragon skeleton (Crypt:1)
  4 necrophages (Crypt:2)
  3 earth elementals
  A wight (D:9)
  A killer bee (D:9)
  A black bear skeleton (Crypt:3)
  A naga zombie (Crypt:2)
  9 mummies (Tomb:1)
  7 orcs
  2 bats
  A giant cockroach (D:1)
  A quokka (D:1)
  A frilled lizard skeleton (Crypt:3)
  A quokka skeleton (Crypt:2)
  A rat (D:1)
  A river rat skeleton (Crypt:2)
776 creatures vanquished.

Vanquished Creatures (collateral kills)
  A dread lich (Vaults:5)
  An ancient lich (Vaults:5)
  Boris (Crypt:1)
  3 royal mummies (Tomb:1)
  Bai Suzhen (Vaults:2)
  Saint Roka (Vaults:3)
  Xtahua (Vaults:2)
  Geryon (Hell)
  A golden dragon (Vaults:5)
  Rupert (Orc:2)
  A tentacled monstrosity (Vaults:5)
  Zenata (Vaults:3)
  5 titans (Vaults:5)
  2 liches
  A deep elf master archer (Elf:3)
  A deep elf blademaster (Elf:3)
  Polyphemus (Shoals:3)
  Frances (D:12)
  5 acid blobs
  3 sphinxes
  3 ancient champions (Crypt:3)
  3 eldritch tentacles (Vaults:5)
  2 shadow dragons (Vaults:5)
  Gastronok (Lair:3)
  Kirke (Elf:1)
  2 tengu reavers (Vaults:5)
  4 rockslimes
  A revenant (Tomb:1)
  A storm dragon (Vaults:5)
  An azure jelly (Slime:1)
  5 fire giants (Vaults:5)
  3 frost giants
  2 balrugs
  A caustic shrike zombie (Crypt:3)
  Louise (Elf:2)
  An emperor scorpion (Spider:4)
  3 deep elf sorcerers
  A ghost moth (Spider:4)
  9 vault wardens
  The ghost of Roenuath the Fighter, a journeyman DjVM of Nemelex Xobeh (D:13)
  2 cacodemons (Hell)
  3 ghouls (Crypt:2)
  4 broodmothers
  2 quicksilver oozes
  8 very ugly things
  3 war gargoyles
  6 stone giants
  6 ironbound preservers
  An orc warlord (Orc:2)
  3 reapers (Hell)
  3 ironbound thunderhulks
  4 deep elf demonologists
  3 vampire knights
  4 deep elf annihilators
  A spark wasp (Spider:3)
  6 dire elephants
  2 eidola
  5 ettins
  3 merfolk impalers
  3 merfolk javelineers
  A crystal guardian (Vaults:2)
  9 jiangshi
  8 deep elf death magi
  3 mummy priests (Tomb:1)
  3 entropy weavers
  The ghost of kalagan the Thaumaturge, a journeyman DECj of Sif Muna (Lair:5)
  3 peacekeepers
  6 yaktaur captains
  3 hydras (D:15)
  An ice dragon (Depths:1)
  A rakshasa (Depths:1)
  23 vault guards
  3 deep elf high priests
  5 ironbound frosthearts
  4 ogre magi
  Erolcha (D:9)
  2 death knights
  A catoblepas (Shoals:3)
  An alligator snapping turtle (Shoals:1)
  3 radroaches
  2 merfolk avatars
  5 merfolk aquamancers
  5 death yaks
  12 dancing weapons
  A two-headed ogre (shapeshifter) (Elf:1)
  7 boulder beetles
  7 centaur warriors
  10 death scarabs (Tomb:1)
  4 tengu warriors
  5 vampire magi
  2 hell hogs (Hell)
  4 orc high priests (Orc:2)
  5 two-headed ogres
  2 hell knights (Depths:1)
  A thrashing horror (Abyss:2)
  6 sun demons (Hell)
  A soul eater (Hell)
  2 titan zombies
  A skyshark (shapeshifter) (Vaults:5)
  9 deep elf knights
  4 pharaoh ants
  3 skysharks
  9 skeletal warriors
  A shadow wraith (Crypt:3)
  Nergalle (Lair:3)
  An iron troll (Hell)
  9 deep trolls
  A bunyip zombie (Crypt:3)
  4 sea snakes
  A golden dragon zombie (Tomb:1)
  7 orb spiders
  A flayed ghost (Crypt:1)
  4 wizards
  4 necromancers
  4 steelbarb worms
  3 glowing orange brains
  8 ironbound convokers
  A bog body (Crypt:2)
  4 phantasmal warriors
  2 deep elf archers (Elf:3)
  18 harpies
  20 deep elf pyromancers
  5 lindwurms
  6 orc knights
  4 fauns
  18 wolf spiders
  16 ugly things
  11 deep elf zephyrmancers
  7 orc sorcerers
  An ugly thing (shapeshifter) (D:14)
  2 cyclopes
  3 moths of wrath
  A shining eye (Slime:4)
  An eye of devastation (Slime:5)
  6 manticores
  A frost giant skeleton (Vaults:2)
  4 water nymphs
  5 black mambas
  A cyclops (shapeshifter) (D:14)
  A stone giant skeleton (Vaults:3)
  5 elephants
  A goliath frog skeleton (Crypt:1)
  9 demonic crawlers
  5 merfolk sirens
  2 torpor snails
  A smoke demon (Hell)
  2 gargoyles
  5 vault sentinels
  7 cane toads
  2 orange demons (Depths:1)
  A sea snake zombie (Crypt:1)
  4 rime drakes
  16 yaktaurs
  A large abomination (Abyss:2)
  2 efreet
  3 ice devils (Depths:1)
  2 komodo dragons
  An unseen horror (D:13)
  A tormentor (Hell)
  3 freezing wraiths
  6 guardian mummies (Tomb:1)
  2 death yak zombies (Crypt:2)
  2 tengu conjurers
  3 meliai (Lair:4)
  2 red devils
  A queen bee (Lair:4)
  4 hornets
  14 merfolk
  5 nameless horrors
  8 polar bears
  A harpy skeleton (Crypt:3)
  A shadow dragon simulacrum (Crypt:3)
  11 tarantellas
  A raiju (shapeshifter) (D:15)
  7 trolls
  7 wind drakes
  A hydra skeleton (Crypt:3)
  A snapping turtle (Shoals:2)
  6 dream sheep
  9 blink frogs
  4 flying skulls (Tomb:1)
  63 slime creatures
  A shadow (D:9)
  4 air elementals
  12 culicivoras
  A centaur simulacrum (D:15)
  16 spriggans
  8 jumping spiders
  32 yaks
  A wyvern (shapeshifter) (D:10)
  4 vampires
  A fire elemental (Elf:3)
  3 ushabtiu (Tomb:1)
  14 water elementals
  20 humans (D:14)
  6 wraiths
  A golden eye (Elf:3)
  5 wyverns
  A hog (Elf:1)
  3 basilisks
  2 neqoxecs
  35 redbacks
  3 vampire mosquitoes
  A steam dragon (Lair:3)
  3 acid dragons
  6 wargs
  31 orc warriors
  16 water moccasins
  A meliai simulacrum (D:15)
  4 black bears
  3 hell hounds (Hell)
  2 sky beasts (D:7)
  A blink frog zombie (Crypt:1)
  7 ogres
  4 boggarts (Lair:5)
  A hornet zombie (Crypt:3)
  18 wolves
  6 centaurs
  3 phantoms
  A vine stalker zombie (Crypt:2)
  8 bullfrogs
  2 necrophages (Crypt:2)
  7 scorpions
  3 gnoll sergeants
  6 wights
  A shapeshifter zombie (Crypt:2)
  25 killer bees
  5 howler monkeys
  5 electric eels
  A quasit (Abyss:2)
  2 jellies
  7 hounds
  18 orc priests
  An iguana (D:5)
  Natasha (thrice) (D:4)
  26 orc wizards
  A sleepcap (D:8)
  2 mummies (Tomb:1)
  5 adders
  14 gnolls
  2 white imps (D:6)
  An ufetubus (D:6)
  A worm (D:2)
  3 dart slugs
  70 orcs
  3 endoplasms
  2 giant cockroaches (D:1)
  6 goblins
  3 hobgoblins
  2 quokkas
  6 ball pythons
  3 bats (D:1)
  2 frilled lizards
  6 kobolds
  A kobold zombie (Crypt:1)
  A rat (D:1)
  A creeping inferno (Hell)
  A fire vortex (Hell)
  A spectral weapon (Vaults:2)
1297 creatures vanquished.

Vanquished Creatures (others)
  191 eldritch tentacles
  A ghost moth (shapeshifter) (Vaults:5)
  A ghoul (Crypt:2)
  A merfolk impaler (Shoals:4)
  2 dancing weapons
  A two-headed ogre (Bailey)
  A death yak (Lair:4)
  2 tengu warriors
  A soul eater (Hell)
  A sixfirhy (Hell)
  A shadow wraith (Crypt:3)
  A deep troll (D:7)
  A harpy (Vaults:2)
  2 deep elf zephyrmancers
  A phantasmal warrior (Vaults:3)
  A wolf spider (shapeshifter) (D:10)
  2 deep elf pyromancers
  An orc knight (Orc:2)
  A cyclops (D:10)
  An elephant (Lair:2)
  A cyclops (shapeshifter) (Vaults:5)
  2 ugly things (D:10)
  A vault sentinel (Vaults:5)
  A gargoyle (D:10)
  A water nymph (Lair:2)
  A torpor snail (Lair:5)
  2 cane toads
  A rime drake (Lair:1)
  A yaktaur zombie (Vaults:4)
  2 komodo dragons (Lair:1)
  An ancient zyme (Abyss:2)
  A tengu conjurer (D:10)
  A yaktaur (D:10)
  2 merfolk
  A hydra zombie (Crypt:2)
  2 trolls (D:11)
  A tarantella (Spider:4)
  A blink frog (Lair:1)
  2 spriggans (Bailey)
  3 slime creatures
  2 water elementals
  A wyvern (Lair:1)
  13 yaks
  A ynoxinul (Depths:1)
  A wraith (Crypt:1)
  2 humans (Elf:1)
  2 redbacks (Spider:2)
  A hog (shapeshifter) (Vaults:5)
  A vampire mosquito (D:11)
  2 ice beasts
  A black bear (D:6)
  2 orc warriors
  3 ogres (Bailey)
  3 wolves (D:8)
  A scorpion (D:5)
  A gnoll sergeant (D:6)
  2 wights (D:7)
  2 howler monkeys (D:11)
  43 jellies
  A hound (D:8)
  2 gnoll boudas (D:6)
  An orc priest (D:10)
  An iguana (D:6)
  4 mummies (Tomb:1)
  2 gnolls (D:6)
  A worm (D:5)
  3 orcs
  2 starspawn tentacles (Abyss:3)
343 creatures vanquished.

Grand Total: 2416 creatures vanquished

Notes
Turn   | Place    | Note
-------+----------+-------------------------------------------
     0 | D:1      | alexxx the Felid Summoner began the quest for the Orb.
     0 | D:1      | Reached XP level 1. HP: 7/7 MP: 4/4
   181 | D:1      | Reached XP level 2. HP: 6/11 MP: 1/6
  1046 | D:2      | Identified the +0 robe of Ephiodi {rPois}
  1062 | D:2      | Reached XP level 3. HP: 14/14 MP: 6/8
  1066 | D:2      | Learned a level 3 spell: Call Canine Familiar
  1070 | D:2      | Learned a level 3 spell: Summon Guardian Golem
  2334 | D:3      | Reached skill level 1 in Hexes
  2406 | D:3      | Noticed a phantom
  2424 | D:3      | Killed a phantom
  2425 | D:3      | Reached skill level 5 in Summonings
  2425 | D:3      | Reached XP level 4. HP: 18/18 MP: 3/10
  3202 | D:4      | Noticed Natasha
  3213 | D:4      | Killed Natasha
  3214 | D:4      | Reached XP level 5. HP: 21/21 MP: 8/11
  3230 | D:4      | Noticed Natasha
  3245 | D:4      | Killed Natasha
  3327 | D:4      | Noticed Natasha
  3382 | D:4      | Killed Natasha
  3520 | D:4      | Learned a level 4 spell: Summon Lightning Spire
  3678 | D:5      | Entered Level 5 of the Dungeon
  3678 | D:5      | Found Soga's Book Shoppe.
  3698 | D:5      | Gained mutation: You are covered in thick fur. (AC +2)
                  | [Felid growth]
  3698 | D:5      | Reached XP level 6. HP: 24/24 MP: 2/13
  4149 | D:5      | Reached skill level 1 in Air Magic
  4208 | D:5      | Found a glowing silver altar of Zin.
  4365 | D:4      | Noticed an orc warrior
  4379 | D:4      | Killed an orc warrior
  4380 | D:4      | Reached XP level 7. HP: 27/27 MP: 6/14
  4618 | D:5      | Found a hide-covered altar of Uskayaw.
  4879 | D:6      | Reached skill level 5 in Spellcasting
  5317 | D:6      | Reached XP level 8. HP: 31/31 MP: 11/16
  5574 | D:6      | Reached skill level 5 in Hexes
  5999 | D:6      | Reached skill level 5 in Dodging
  6141 | D:6      | Found a sparkling altar of Nemelex Xobeh.
  6513 | D:6      | Found an iron altar of Okawaru.
  6513 | D:6      | Found a broken altar of Ashenzari.
  6623 | D:6      | Found an opulent altar of Gozag.
  6631 | D:6      | Became a worshipper of Gozag Ym Sagoz the Greedy
  7338 | D:7      | Found a blossoming altar of Fedhas.
  7585 | D:7      | Reached XP level 9. HP: 34/34 MP: 15/20
  7760 | D:7      | Noticed a deep troll
  7760 | D:7      | Noticed a deep troll
  7761 | D:7      | Noticed a deep troll
  7771 | D:7      | Killed a deep troll
  7776 | D:7      | Killed a deep troll
  7807 | D:7      | Killed a deep troll
  7925 | D:7      | Found the amulet of Vitality {RegenMP++ Regen++}
  8248 | D:7      | Reached XP level 10. HP: 37/37 MP: 23/23
  8308 | D:7      | Found a staircase to the Ecumenical Temple.
  8313 | Temple   | Entered the Ecumenical Temple
  9596 | D:8      | Reached skill level 5 in Air Magic
 11052 | D:8      | Found a staircase to the Lair.
 11648 | D:8      | Identified a scroll of acquirement
 11648 | D:8      | Acquired Lasunkek's Reference Book on Gusts
 12152 | D:9      | Found an ornate altar of the Wu Jian Council.
 12356 | D:9      | Noticed a boulder beetle
 12392 | D:9      | Killed a boulder beetle
 12393 | D:9      | Reached skill level 10 in Summonings
 12454 | D:9      | Found a flagged portal.
 12477 | Bailey   | Entered a bailey
 12667 | Bailey   | Reached XP level 11. HP: 40/40 MP: 23/25
 12793 | Bailey   | Identified the +4 long sword "Wymimnec" {freeze, Int+2}
 13148 | Bailey   | Noticed a two-headed ogre
 13180 | Bailey   | Killed a two-headed ogre
 13635 | D:9      | Found an ancient bone altar of Kikubaaqudgha.
 13654 | D:9      | Reached skill level 10 in Spellcasting
 13690 | D:9      | Noticed a two-headed ogre
 13733 | D:9      | Killed a two-headed ogre
 13809 | D:9      | Found Gaofarre's Weapon Boutique.
 13809 | D:9      | Found a staircase to the Orcish Mines.
 13880 | D:9      | Noticed Erolcha
 13901 | D:9      | Killed Erolcha
 13902 | D:9      | Reached skill level 10 in Dodging
 14505 | D:9      | Learned a level 7 spell: Malign Gateway
 14531 | Lair:1   | Entered Level 1 of the Lair of Beasts
 14707 | Lair:1   | Reached skill level 1 in Translocations
 14730 | Lair:1   | Reached skill level 1 in Transmutations
 14732 | Lair:1   | Reached skill level 1 in Fighting
 15311 | Lair:1   | Noticed a boulder beetle
 15511 | Lair:1   | Killed a boulder beetle
 15832 | Lair:1   | Gained mutation: Your thick and shaggy fur keeps you warm.
                  | (AC +3, rC+) [Felid growth]
 15832 | Lair:1   | Reached XP level 12. HP: 48/48 MP: 27/27
 16655 | Lair:1   | Learned a level 7 spell: Storm Form
 16720 | D:10     | Entered Level 10 of the Dungeon
 16880 | D:10     | Noticed a tengu warrior
 16884 | D:10     | Identified the +2 fire dragon scales "Zaolukil" {rF++ rC-
                  | rN+ Will+}
 16904 | D:10     | Mangled by a tengu warrior
 16905 | D:10     | Reached XP level 11. HP: -4/45 MP: 26/26
 16973 | D:10     | Killed a tengu warrior
 17254 | D:10     | Noticed an ogre mage
 17287 | D:10     | Killed an ogre mage
 17967 | D:10     | Reached skill level 5 in Translocations
 17974 | D:10     | Noticed a wolf spider
 17981 | D:10     | Killed a wolf spider
 18274 | D:10     | Found a stormy altar of Qazlal.
 18295 | D:10     | Noticed a deep elf pyromancer
 18297 | D:10     | Killed a deep elf pyromancer
 18496 | D:10     | Noticed a boulder beetle
 18527 | D:10     | Killed a boulder beetle
 19552 | D:10     | Noticed a red ugly thing
 19585 | D:10     | Killed a brown ugly thing
 19808 | D:10     | Killed a red ugly thing
 20117 | D:10     | Identified the staff of death "Ciuhuyt" {+Blink rPois rF+
                  | rN+ Int+3}
 20706 | Lair:1   | Bought the Codex of the Cooperative Coals for 220 gold
                  | pieces
 20706 | Lair:1   | Bought a potion of curing for 33 gold pieces
 20712 | Lair:1   | Learned a level 5 spell: Summon Mana Viper
 20885 | Lair:2   | Found a dark tunnel.
 20924 | Lair:2   | Reached XP level 12. HP: 49/49 MP: 25/27
 21816 | Lair:2   | Bought a potion of curing for 63 gold pieces
 21816 | Lair:2   | Bought a blackened sapphire amulet for 105 gold pieces
 21816 | Lair:2   | Bought a scroll of identify for 42 gold pieces
 22197 | D:11     | Reached skill level 5 in Transmutations
 22799 | D:11     | Noticed a two-headed ogre
 22809 | D:11     | Killed a two-headed ogre
 23246 | D:12     | Noticed Frances
 23264 | D:12     | Killed Frances
 23265 | D:12     | Reached skill level 5 in Fighting
 23518 | Lair:3   | Noticed Nessos
 24144 | Orc:1    | Entered Level 1 of the Orcish Mines
 24327 | Orc:1    | Found Lugrerr's Assorted Antiques.
 24458 | Orc:1    | Bought a scroll of identify for 64 gold pieces
 24458 | Orc:1    | Bought 2 potions of heal wounds for 320 gold pieces
 24458 | Orc:1    | Bought a scroll of teleportation for 96 gold pieces
 24458 | Orc:1    | Bought a scroll of teleportation for 96 gold pieces
 24484 | Orc:1    | Found Ycaguid's Distillery.
 24504 | Orc:1    | Found Jili Roj's Distillery.
 24509 | Orc:1    | Bought a potion of curing for 42 gold pieces
 24509 | Orc:1    | Bought a potion of heal wounds for 70 gold pieces
 24736 | Orc:1    | Bought 2 potions of curing for 60 gold pieces
 24740 | Orc:1    | Bought a potion of heal wounds for 70 gold pieces
 24740 | Orc:1    | Bought a potion of heal wounds for 70 gold pieces
 24799 | Orc:2    | Entered Level 2 of the Orcish Mines
 24945 | Orc:2    | Reached XP level 13. HP: 55/55 MP: 24/28
 25792 | Orc:2    | Noticed an orc warlord
 25820 | Orc:2    | Killed an orc warlord
 25855 | Orc:2    | Noticed Rupert
 25901 | Orc:2    | Killed Rupert
 26488 | Orc:2    | Found a staircase to the Elven Halls.
 26698 | Orc:2    | Found Usatz's Antique Armour Emporium.
 26701 | Orc:2    | Found Engam's Antique Weapon Emporium.
 26703 | Orc:2    | Found Ipsus's General Store.
 26703 | Orc:2    | Found Duchuluf's Jewellery Shoppe.
 27248 | Orc:2    | Bought a +6 ring of intelligence for 468 gold pieces
 27249 | Orc:2    | Bought a scroll of identify for 28 gold pieces
 27249 | Orc:2    | Bought a scroll of identify for 28 gold pieces
 27589 | Lair:3   | Nessos changed into Nessos the skyshark
 27589 | Lair:3   | Noticed Nessos
 27596 | Lair:3   | Killed Nessos the skyshark
 27842 | Lair:3   | Noticed Gastronok
 27854 | Lair:3   | Killed Gastronok
 27918 | Lair:3   | Noticed Nergalle
 27933 | Lair:3   | Killed Nergalle
 28285 | Lair:3   | Found a hole to the Spider Nest.
 28700 | Lair:4   | Reached XP level 14. HP: 60/60 MP: 26/30
 29163 | Lair:4   | Found a white marble altar of Elyvilon.
 29341 | Lair:5   | Entered Level 5 of the Lair of Beasts
 29568 | Lair:5   | Found a shadowy altar of Dithmenos.
 29715 | Lair:5   | Found a staircase to the Slime Pits.
 29762 | Lair:5   | Found a runed translucent door.
 29762 | Lair:5   | Noticed kalagan's ghost (journeyman DECj)
 29762 | Lair:5   | Found the +5 glaive of the Guard {elec, spectral, AC+5}
 29779 | Lair:5   | Killed kalagan's ghost
 30062 | Lair:5   | Found a frozen archway.
 32001 | Lair:5   | Reached skill level 10 in Translocations
 32090 | Lair:5   | Bought a wand of polymorph (2) for 106 gold pieces
 33691 | D:13     | Got the Catalogue of Dislocation and Adjuration
 33826 | D:13     | Found a large runed translucent door.
 33828 | D:13     | Found a large runed translucent door.
 33828 | D:13     | Noticed Roenuath's ghost (journeyman DjVM)
 33840 | D:13     | Killed Roenuath's ghost
 33851 | D:13     | Identified the ring "Kuanucru" {Will+ Str+6 Int+3}
 34533 | D:14     | Reached XP level 15. HP: 64/64 MP: 30/32
 35794 | D:14     | Reached skill level 15 in Dodging
 35829 | D:14     | Reached skill level 10 in Air Magic
 36034 | D:14     | Found a gate to the Vaults.
 36222 | D:15     | Entered Level 15 of the Dungeon
 36591 | D:15     | Found a staircase to the Depths.
 37370 | D:15     | Found a transporter.
 37375 | D:15     | Found a bloodstained altar of Trog.
 37376 | D:15     | Found a transporter.
 37979 | D:5      | Bought a book of the Warp for 630 gold pieces
 37984 | D:5      | Learned a level 4 spell: Manifold Assault
 38187 | Spider:1 | Entered Level 1 of the Spider Nest
 38436 | Spider:1 | Noticed an emperor scorpion
 38437 | Spider:1 | Noticed an emperor scorpion
 38438 | Spider:1 | Found a transporter.
 38445 | Spider:1 | Noticed an emperor scorpion
 38565 | Spider:1 | Found a transporter.
 38605 | Spider:1 | Noticed an emperor scorpion
 38620 | Spider:1 | Killed an emperor scorpion
 38621 | Spider:1 | Reached skill level 10 in Transmutations
 39076 | Spider:1 | Learned a level 2 spell: Wereblood
 39131 | Spider:2 | Reached XP level 16. HP: 58/69 MP: 9/33
 39230 | Spider:2 | Reached skill level 1 in Unarmed Combat
 41805 | Spider:4 | Entered Level 4 of the Spider Nest
 42314 | Spider:4 | Identified the +6 plate armour of Orthodoxy {rPois rCorr
                  | Int-2}
 43775 | Spider:4 | Reached XP level 17. HP: 72/72 MP: 34/34
 43923 | Spider:4 | Got a gossamer rune of Zot
 44032 | Spider:4 | Reached skill level 5 in Unarmed Combat
 44592 | Shoals:1 | Entered Level 1 of the Shoals
 44775 | Lair:2   | Bought a potion of invisibility for 296 gold pieces
 44775 | Lair:2   | Bought a tubular sapphire ring for 185 gold pieces
 44775 | Lair:2   | Bought a curved brass wand for 148 gold pieces
 45044 | Shoals:1 | HP: 3/72 [alligator snapping turtle (38)]
 45174 | Shoals:1 | Noticed a kraken
 45630 | Shoals:1 | Acquired a book of Weapons
 46117 | D:15     | Noticed Ewe Xiki's ghost (adept HuBe)
 46530 | Shoals:2 | Found a runed translucent gate.
 46530 | Shoals:2 | Found a runed translucent gate.
 46530 | Shoals:2 | Found a runed translucent gate.
 46967 | Shoals:2 | Noticed Heezod's ghost (journeyman MiBe)
 47307 | Shoals:3 | Noticed Polyphemus
 47327 | Shoals:3 | Killed Polyphemus
 47644 | Shoals:3 | Found Deni's Vocational Training.
 47651 | Shoals:3 | Bought a manual of Evocations for 960 gold pieces
 48233 | Shoals:4 | Entered Level 4 of the Shoals
 49067 | Shoals:4 | Paralysed by an air elemental for 1 turns
 49080 | Shoals:4 | Reached XP level 18. HP: 76/76 MP: 35/35
 49373 | Shoals:4 | Got a barnacled rune of Zot
 49388 | Shoals:4 | Identified the staff of earth "Paloenyr" {rElec rC+ Int+5
                  | Dex-5}
 50213 | Elf:1    | Entered Level 1 of the Elven Halls
 50771 | Elf:1    | Found Tole's Weapon Emporium.
 51033 | Elf:1    | Noticed Kirke
 51044 | Elf:1    | Killed Kirke
 51090 | Elf:1    | Paralysed by an air elemental for 1 turns
 51332 | Elf:1    | Got Uvijiles's Precepts of Helpful Battling
 51762 | Elf:1    | Learned a level 3 spell: Tukima's Dance
 52051 | Elf:2    | Paralysed by an air elemental for 1 turns
 52156 | Elf:2    | Acquired a book of the Dragon
 52172 | Elf:2    | Learned a level 9 spell: Dragon's Call
 52357 | Elf:2    | Killed from afar by a deep elf annihilator
 52358 | Elf:2    | Reached XP level 17. HP: -3/74 MP: 7/34
 52358 | Elf:2    | Upgraded the game from 0.30.0-29-ga12c61a403 to
                  | 0.30.0-30-g96aa6591b8
 52530 | Orc:1    | Noticed Snorg
 52551 | Orc:1    | Noticed Josephine
 52556 | Orc:1    | Killed Josephine
 52626 | Orc:1    | Killed Snorg
 53084 | Vaults:1 | Entered Level 1 of the Vaults
 53593 | Vaults:1 | Reached skill level 15 in Air Magic
 53686 | Vaults:1 | Reached skill level 10 in Unarmed Combat
 53779 | Vaults:1 | Reached XP level 18. HP: 76/79 MP: 3/35
 53781 | Vaults:1 | Reached skill level 15 in Summonings
 54102 | Vaults:1 | Reached skill level 15 in Transmutations
 54932 | Vaults:2 | Noticed Nikola
 54947 | Vaults:2 | Killed Nikola
 55316 | Vaults:2 | Identified the ring "Peitimo" {Ice rN+ Will- MP+9 Int+8}
 55566 | Vaults:2 | Noticed Xtahua
 55569 | Vaults:2 | Killed Xtahua
 55957 | Vaults:2 | Reached skill level 10 in Fighting
 55960 | Vaults:2 | Identified the +0 chain mail of Zafebb {rN+ Str-3 SInv}
 56059 | Vaults:2 | Noticed Bai Suzhen
 56069 | Vaults:2 | Killed Bai Suzhen
 56242 | Vaults:2 | Found a staircase to the Crypt.
 56242 | Vaults:2 | Found a basalt altar of Yredelemnul.
 56243 | Vaults:2 | Found an ancient bone altar of Kikubaaqudgha.
 56666 | Vaults:2 | Noticed Asterion
 56689 | Vaults:2 | Killed Asterion
 56881 | Vaults:3 | Noticed Saint Roka
 56962 | Vaults:3 | Reached XP level 19. HP: 64/84 MP: 14/36
 57734 | Vaults:3 | Killed Saint Roka
 57877 | Vaults:3 | Noticed Zenata
 57880 | Vaults:3 | HP: 3/85 [Zenata/a resonance strike (25)]
 57880 | Vaults:3 | Killed Zenata
 58500 | Vaults:3 | Found Qeedief's Antique Armour Shoppe.
 59334 | Vaults:4 | Found Vusamit's Weapon Shoppe.
 59573 | Vaults:4 | Identified the +7 rapier "Upuruys" {flame, Int+2}
 59613 | Vaults:4 | Noticed a Brimstone Fiend
 59675 | Vaults:4 | HP: 1/86 [ettin/+0 dire flail (7)]
 59680 | Vaults:4 | Slain by an ironbound convoker
 59681 | Vaults:4 | Reached XP level 18. HP: 1/82 MP: 18/35
 59730 | Vaults:4 | Found Uriple Paun's Weapon Emporium.
 59783 | Vaults:4 | Found Meicw's Antique Armour Boutique.
 59901 | Vaults:4 | Found Odumy's Antique Armour Shop.
 60021 | Vaults:4 | Reached XP level 19. HP: 86/86 MP: 15/36
 60405 | Vaults:4 | Found Kuig's Magic Scroll Shop.
 60409 | Vaults:4 | Bought a scroll of teleportation for 57 gold pieces
 61098 | Crypt:1  | Entered Level 1 of the Crypt
 61166 | Crypt:1  | Reached skill level 15 in Unarmed Combat
 61730 | Crypt:1  | Noticed Boris
 61733 | Crypt:1  | Killed Boris
 63762 | Crypt:3  | Entered Level 3 of the Crypt
 64465 | Crypt:3  | Reached XP level 20. HP: 84/92 MP: 35/37
 64537 | Crypt:3  | Noticed a curse toe
 64814 | Crypt:3  | Noticed a dread lich
 64855 | Crypt:3  | Killed a dread lich
 65139 | Crypt:3  | Found a staircase to the Tomb.
 65370 | Crypt:3  | Noticed a profane servitor
 65386 | Crypt:3  | Killed a profane servitor
 65467 | Crypt:3  | Killed a curse toe
 65479 | Crypt:3  | Found an ancient bone altar of Kikubaaqudgha.
 65487 | Crypt:3  | Found a basalt altar of Yredelemnul.
 65525 | Crypt:3  | Identified the ring of the Rotten Breadfruit {rElec rPois
                  | rN+ Will- Dex+3}
 65525 | Crypt:3  | Identified the ring "Ceox" {rN+ Will+}
 65525 | Crypt:3  | Identified the ring "Keteov Bazo" {rN+ Dex+5}
 65531 | Crypt:3  | Got the Almanac of the Grave and Algor
 66008 | Tomb:1   | Entered Level 1 of the Tomb of the Ancients
 66321 | Tomb:1   | Paralysed by a sphinx for 5 turns
 66841 | Crypt:1  | Found a basalt altar of Yredelemnul.
 67257 | Depths:1 | Entered Level 1 of the Depths
 67257 | Depths:1 | Found a corrupted altar of Lugonu.
 67257 | Depths:1 | Found a gateway to Hell.
 67377 | Depths:1 | Found a one-way gate to the infinite horrors of the Abyss.
 67679 | Depths:1 | Found a burning altar of Makhleb.
 67895 | Depths:1 | Found a shimmering blue altar of Sif Muna.
 68186 | Depths:1 | Found a one-way gate leading to the halls of Pandemonium.
 68367 | Depths:1 | Found a burning altar of Makhleb.
 68367 | Depths:1 | Found the +16 obsidian axe {drain, demonic, Mesm Drain Fly
                  | SInv}
 69656 | Elf:3    | Entered Level 3 of the Elven Halls
 69661 | Elf:3    | Found Umpuar's Jewellery Shop.
 69682 | Elf:3    | Reached XP level 21. HP: 97/97 MP: 4/39
 70467 | Elf:3    | Identified the +1 flail "Dimp" {speed, rElec rPois Int-5
                  | SInv}
 70948 | Elf:3    | Identified the +2 robe of the Bedazzled God {rPois rF+
                  | Int-4}
 70948 | Elf:3    | Identified the ring of Methrof {Fly rElec rF- rCorr MP+9}
 70949 | Abyss:2  | Cast into level 2 of the Abyss (a deep elf sorcerer)
 70970 | Abyss:2  | Noticed a profane servitor
 70994 | Abyss:2  | Killed a profane servitor
 71279 | Abyss:2  | Killed from afar by a hell hog
 71280 | Abyss:2  | Reached XP level 20. HP: 0/94 MP: 31/48
 71386 | Elf:3    | Escaped the Abyss
 71401 | Elf:3    | Found the +8 lance "Wyrmbane" {slay drac, rPois rF+ rC+
                  | AC+3}
 71429 | Elf:3    | Found the +1 cloak of Starlight {*Dazzle EV+4 Stlth--}
 71435 | Elf:3    | Identified the staff of cold "Sithiod" {rC+ Str+3 Stlth+}
 71462 | Elf:3    | Identified the +1 scale mail of Existentialism {rF+ Int+2}
 72163 | Elf:2    | Found a runed translucent door.
 72325 | Elf:2    | Found a runed translucent door.
 72346 | Elf:2    | Noticed Louise
 72466 | Elf:2    | Killed Louise
 72467 | Elf:2    | Reached skill level 15 in Spellcasting
 73743 | Lair:5   | Learned a level 8 spell: Summon Horrible Things
 73792 | Slime:1  | Entered Level 1 of the Pits of Slime
 74284 | Slime:2  | Gained mutation: Your muscles are strong. (Str +4, Int/Dex
                  | -1) [a shining eye]
 74609 | Slime:3  | Reached XP level 21. HP: 99/99 MP: 41/41
 75570 | Slime:4  | Gained mutation: Potions are less effective at restoring
                  | your health. [a shining eye]
 76199 | Slime:5  | Entered Level 5 of the Pits of Slime
 76211 | Slime:5  | Gained mutation: You have hidden genetic defects. [a
                  | shining eye]
 76241 | Slime:5  | Noticed the Royal Jelly
 76369 | Slime:5  | Found a viscous altar of Jiyva.
 76390 | Slime:5  | Found the +27 heavy crossbow "Sniper" {heavy, Acc+∞ SInv}
 76397 | Slime:5  | Fell from the grace of Gozag
 76397 | Slime:5  | Became a worshipper of Jiyva Joxies the Shapeless
 77402 | Tomb:1   | Paralysed by a sphinx for 4 turns
 77438 | Tomb:1   | Noticed a royal mummy
 77438 | Tomb:1   | Noticed a royal mummy
 77443 | Tomb:1   | Killed a royal mummy
 77452 | Tomb:1   | Killed a royal mummy
 77456 | Tomb:1   | HP: 3/99 [something (15)]
 77661 | Tomb:1   | Gained mutation: You have terrible hidden genetic defects.
                  | [hidden defects]
 78305 | Tomb:1   | Noticed a royal mummy
 78329 | Tomb:1   | Killed a royal mummy
 79461 | Vaults:5 | Entered Level 5 of the Vaults
 79508 | Vaults:5 | Identified the +3 war axe "Seofapsity" {freeze, *Slow rC+
                  | Str+2}
 79556 | Vaults:5 | Noticed a dread lich
 79594 | Vaults:5 | Noticed an ancient lich
 79596 | Vaults:5 | Gained mutation: You are clumsy. (Dex -2) [hidden defects]
 79596 | Vaults:5 | Lost mutation: You have terrible hidden genetic defects.
                  | [hidden defects expressed]
 79602 | Vaults:5 | Killed an ancient lich
 79603 | Vaults:5 | Reached skill level 15 in Fighting
 79615 | Vaults:5 | Killed a dread lich
 79657 | Vaults:5 | Killed from afar by a fire giant
 79658 | Vaults:5 | Reached XP level 20. HP: -23/97 MP: 25/50
 79659 | Vaults:5 | Upgraded the game from 0.30.0-30-g96aa6591b8 to 0.30.1
 79723 | Vaults:5 | Gained mutation: You occasionally lose the ability to read
                  | scrolls when taking damage. [hidden defects]
 79889 | Vaults:5 | Reached XP level 21. HP: 100/100 MP: 23/43
 79949 | Vaults:5 | Lost mutation: Your muscles are strong. (Str +4, Int/Dex
                  | -1) [hidden defects]
 79949 | Vaults:5 | Lost mutation: You have hidden genetic defects. [hidden
                  | defects expressed]
 79966 | Vaults:5 | Identified the +7 mace of the Moth {holy, Dex+2}
 80211 | Vaults:5 | Identified the +0 leather armour of Protective Custody
                  | {Rampage}
 80370 | Vaults:5 | Noticed a golden dragon
 80395 | Vaults:5 | Noticed a dread lich
 80403 | Vaults:5 | Killed a dread lich
 80404 | Vaults:5 | Killed a golden dragon
 80539 | Vaults:5 | Reached * piety under Jiyva
 80606 | Vaults:5 | Found Ecvaong's Magic Scroll Shop.
 80608 | Vaults:5 | Identified the staff of fire "Moniem" {rF+ Will++ Int+6
                  | Dex-2}
 80610 | Vaults:5 | Identified the staff of air "Qiugh" {rElec rN+}
 80613 | Vaults:5 | Bought a scroll of teleportation for 69 gold pieces
 80613 | Vaults:5 | Bought a scroll of magic mapping for 172 gold pieces
 80613 | Vaults:5 | Bought 2 scrolls of blinking for 345 gold pieces
 80613 | Vaults:5 | Bought a scroll of teleportation for 69 gold pieces
 80613 | Vaults:5 | Bought a scroll of magic mapping for 172 gold pieces
 80863 | Vaults:5 | Got a silver rune of Zot
 80877 | Vaults:5 | Identified the +1 leather armour of Dishonour {Rampage
                  | rElec}
 80959 | Vaults:5 | Noticed a golden dragon
 80968 | Vaults:5 | Killed a golden dragon
 81147 | Vaults:5 | Found Zemnuaz's Antique Armour Shoppe.
 81163 | Vaults:5 | Identified the +1 dagger "Ydibru Sisy" {pain, Contam
                  | Fragile MP+9 SInv}
 81679 | Hell     | Entered the Vestibule of Hell
 81679 | Hell     | Noticed Geryon
 81747 | Hell     | HP: 2/102 [balrug/bolt of fire (28)]
 81749 | Hell     | Killed Geryon
 81760 | Hell     | HP: 2/102 [reaper/+0 vampiric scythe (7)]
 81761 | Hell     | Annihilated by an ancient champion

Illustrated notes

Levels and vault maps discovered:
D:1:      lightli_molten_gateway, layout_basic, minmay_small_reverse_x
D:2:      layout_loops_ring
D:3:      layout_loops_ring
D:4:      layout_basic, bh_walls_and_bars, uniq_natasha
D:5:      layout_basic, nicolae_uskayaw_murder_on_the_dancefloor, zin_treasury,
          serial_shops, nicolae_shop_competitors_out_of_business
D:6:      kennysheep_six_static_rooms, layout_loops_ring,
          mainiacjoe_overflow_paths, lemuel_coloured_pillars_altar,
          jmf_multi_god_temple
D:7:      layout_gridville, general_overflow_altar, temple_doors_ab,
          hellmonk_guarded_unrand_vitality_bloodlust
D:8:      layout_cave_pods, erik_lair_island
D:9:      layout_rooms, lemuel_tele_altar, mainiacjoe_overflow_cross_hatched,
          orc_david_3, enter_bailey_3, the_hattery, uniq_erolcha
D:10:     minmay_the_grid_square_5x5_4x4 [minmay_the_grid_square_5x5_comb,
          minmay_the_grid_square_5x5_fancy_junction,
          minmay_the_grid_square_5x5_shrine1, minmay_the_grid_square_5x5_z,
          minmay_the_grid_square_5x5_three,
          minmay_the_grid_square_5x5_prize_rear_guard,
          minmay_the_grid_square_5x5_prize_open,
          minmay_the_grid_square_5x5_intrusive_squares,
          minmay_the_grid_square_5x5_detours,
          minmay_the_grid_square_5x5_prize_waves,
          minmay_the_grid_square_5x5_prize_snowflake,
          minmay_the_grid_square_5x5_three_walls,
          minmay_the_grid_square_5x5_checkered,
          minmay_the_grid_square_5x5_two_small,
          minmay_the_grid_square_5x5_empty,
          minmay_the_grid_square_5x5_spiral_small], layout_basic,
          amcnicky_altar_gilded
D:11:     layout_rooms
D:12:     layout_big_octagon, uniq_frances
D:13:     layout_rooms, ebering_ghost_disaster_area
D:14:     layout_roguey, grunt_vaults_entry_tiered
D:15:     hangedman_depths_entry_try_elsewhere_first, layout_rooms,
          gammafunk_ghost_wrathful_warriors, grunt_decor_one_mirror,
          nicolae_twisting_strands, serial_park_tiny_1, minmay_statues_item
Temple:   minmay_temple_forest_path
Lair:1:   layout_loops_ring, pdpol_lair_cavern_descent
Lair:2:   layout_regular_city, nicolae_shoals_entry_flooding, enter_volcano_1,
          cheibrodos_lair_caveside_slide, lemuel_fruit_tree,
          infiniplex_staircase_pool
Lair:3:   layout_gridlike, spider_nest_entry_funnel_web, beast_lair_carwin_3,
          uniq_nergalle, uniq_nessos, uniq_gastronok
Lair:4:   layout_long_grid, basic_altar, special_room [special_room_bee],
          grunt_megastairs_4
Lair:5:   minmay_lair_end_enchanted_forest, layout_cellular_growth,
          slime_entry_1, portal_ice_cave_rime, gammafunk_ghost_grave,
          basic_altar
Shoals:1: layout_shoals, nicolae_shoals_nautilus_by_nature
Shoals:2: layout_shoals, gammafunk_ghost_tricky_traps
Shoals:3: layout_shoals, nicolae_shop_vocational, uniq_polyphemus
Shoals:4: shoals_end_hellmonk_storm_palace [storm_palace_center_circular,
          storm_palace_corner_reverse_hut, storm_palace_corner_blocked,
          storm_palace_corner_narrow, storm_palace_corner_reverse_hut]
Spider:1: gammafunk_sealed_arena, nicolae_spider_baby_got_redback
Spider:2: layout_spider_delve
Spider:3: layout_chambers
Spider:4: guppyfry_spider_rune, hangedman_spider_tarantella_strand
Slime:1:  layout_caves
Slime:2:  layout_caves, cheibrodos_slime_lost_civilization_5
Slime:3:  layout_caves
Slime:4:  layout_caves
Slime:5
Orc:1:    layout_diamond_mine, serial_shops, nicolae_diamond_shop, shop_statue,
          shop, basic_altar, uniq_josephine, uniq_snorg
Orc:2:    st_orc_congregation, layout_diamond_mine, uniq_rupert
Elf:1:    eino_elf_arrival_shootout, layout_loops_corners, serial_shops,
          nicolae_shop_pleasant_corner_grove, minmay_elf_sorcery, uniq_kirke
Elf:2:    nicolae_elf_blades_splatter_lattice
          [nicolae_blade_entry_splitting_headache], layout_gridlike, uniq_louise
Elf:3:    minmay_elf_hall_circle, layout_loops_cross, serial_shops, shop,
          lemuel_flamethrower_3
Vaults:1: v_misc_27, vaults_dpeg_ring, nicolae_vaults_meiosis,
          nicolae_vaults_minivaults, nicolae_vaults_closet_pinwheel_6,
          nicolae_vaults_shelves_hall, nicolae_vaults_what_the_h,
          nicolae_vaults_network_s, v_rooms_1, nicolae_vaults_prndl,
          vaults_dpeg_emergency_exit, nicolae_vaults_little_squares_4,
          nicolae_vaults_house_2, layout_vaults_big_room
Vaults:2: v_misc_19, nicolae_vaults_windows_and_doors_thing, v_misc_22,
          v_alt_pattern_4, minmay_crypt_entry_necro_gods,
          nicolae_vaults_shelves_hall, hangedman_vaults_locks,
          ontoclasm_vaults_loading_screen, v_misc_9,
          nicolae_vaults_storage_closets_2, v_misc_16, layout_vaults_big_cross,
          uniq_nikola, uniq_xtahua, uniq_asterion, uniq_bai_suzhen
Vaults:3: v_rooms_4, nicolae_vaults_security_offices_2, vaults_mumra_lcd,
          nicolae_vaults_double_plus_2, vaults_standard_mumra_x,
          hangedman_vaults_stretched_pinwheel, v_alt_pattern_2,
          nicolae_vaults_trapezoid_lopsided_3, ontoclasm_vaults_loading_screen,
          nicolae_vaults_tetromino_L_1, v_pattern_5, hangedman_vaults_hat,
          ontoclasm_vaults_ring_small, layout_vaults_omnibox, serial_shops,
          shop, uniq_zenata, uniq_saint_roka
Vaults:4: st_star, ontoclasm_vaults_bender, v_misc_10,
          nicolae_vaults_shrinking_rooms_1, nicolae_vaults_trapezoid_1,
          grunt_vaults_bifocal, nicolae_vaults_little_ls, v_misc_29,
          nicolae_vaults_layer_cake_slice, nicolae_vaults_double_plus_3,
          nicolae_vaults_trapezoid_4, nicolae_vaults_rhombus_6,
          hangedman_vaults_stagger, nicolae_vaults_diamond_2,
          ontoclasm_vaults_chip, nicolae_vaults_six-pack, layout_vaults_ring,
          serial_shops, nicolae_shop_peninsula, shop, nicolae_lakefront_shop,
          shop, nicolae_shop_bloodbath_and_beyond
Vaults:5: serial_shops
Crypt:1:  layout_rooms, grunt_megastairs_5, lemuel_upstairs_altar,
          grunt_crypt_arrival_split, uniq_boris
Crypt:2:  layout_regular_city, lemuel_elevator
Crypt:3:  lightli_unholy_cathedral, layout_chaotic_city, grunt_ministairs_7
Tomb:1
Depths:1: layout_cave_pools, abyss_entry_flame_altar, rand_demon_pan_entry_7,
          lemuel_blue_sif_altar, hell_entry, minmay_misc_feat_doors,
          dk_noncrumbling_4, grunt_decor_arrowhead,
          chequers_serial_rivers_micro_e, minivault_16,
          hangedman_abyss_or_decor_slice, kennysheep_nondescript,
          grunt_guarded_unrand_obsidian_axe
Hell

Skill      XL: |  1  2  3  4  5  6  7  8  9 10 11 12 13 14 15 16 17 18 19 20 21 |
---------------+----------------------------------------------------------------+-----
Hexes          | 2 3 4 5 6 7 8 |  8.0
Spellcasting   | 3 4 5 6 8 9 10 11 12 17 16 | 17.0
Summonings     | 5 6 7 8 10 12 13 14 15 16 18 20 | 20.6
Dodging        | 3 4 5 7 9 12 13 14 16 18 19 20 | 20.5
Air Magic      | 1 2 3 4 6 8 9 12 15 16 | 16.0
Translocations | 6 7 9 10 11 | 11.8
Transmutations | 4 5 7 8 10 11 13 15 16 | 16.0
Fighting       | 4 5 6 7 9 10 12 14 15 | 15.8
Unarmed Combat | 4 10 12 16 17 19 | 19.5
Stealth        | |  2.6
Evocations     | |  0.4

Action                     |  1- 3 |  4- 6 |  7- 9 | 10-12 | 13-15 | 16-18 | 19-21 || total
---------------------------+-------+-------+-------+-------+-------+-------+-------++-------
  Melee: Unarmed           |    23 |     2 |       |     3 |   118 |  1150 |  1723 ||  3019
         Bite              |     1 |       |       |     2 |     6 |       |       ||     9
         Punch             |       |       |       |       |       |    32 |    71 ||   103
   Cast: Summon Small Mamm |    38 |       |     8 |     9 |       |       |       ||    55
         Call Canine Famil |    10 |    16 |    42 |    99 |    93 |    12 |       ||   272
         Summon Guardian G |     1 |     2 |    29 |   109 |    19 |     3 |       ||   163
         Summon Lightning  |       |       |     9 |   111 |    96 |    79 |    15 ||   310
         Summon Mana Viper |       |       |       |    18 |   164 |    85 |    17 ||   284
         Malign Gateway    |       |       |       |       |    24 |    63 |   108 ||   195
         Manifold Assault  |       |       |       |       |    38 |   563 |   974 ||  1575
         Storm Form        |       |       |       |       |     6 |   142 |   168 ||   316
         Wereblood         |       |       |       |       |       |    26 |    42 ||    68
         Summon Horrible T |       |       |       |       |       |       |    42 ||    42
         Dragon's Call     |       |       |       |       |       |       |     8 ||     8
 Invoke: Call Merchant     |       |       |       |     3 |     2 |     2 |     2 ||     9
Ability: Blinkbolt         |       |       |       |       |       |    12 |    13 ||    25
  Evoke: Wand              |       |       |       |       |     8 |     2 |       ||    10
    Use: Scroll            |     5 |     1 |       |    20 |     4 |     7 |     7 ||    44
         Potion            |       |       |       |     6 |    12 |    20 |    19 ||    57
   Stab: Sleeping          |     1 |       |       |       |       |     1 |       ||     2
         Distracted        |       |       |       |       |     3 |     9 |     4 ||    16
 Armour: Skin              |     5 |     1 |     6 |    16 |    15 |   134 |    86 ||   263
  Dodge: Dodged            |    41 |     7 |    38 |   221 |   338 |  1758 |  1047 ||  3450
